 Dungeon Crawl Stone Soup version 0.20.1-1-g8b1a95d (webtiles) character file.

427 Lanoc the Chopper (level 6, -4/56 HPs)
             Began as a Hill Orc Monk on Nov 30, 2017.
             Slain by a river rat (8 damage)
             ... summoned by Eustachio
             ... on level 4 of the Dungeon.
             The game lasted 00:16:49 (4292 turns).

Lanoc the Chopper (Hill Orc Monk)                   Turns: 4292, Time: 00:16:49

Health: -4/56      AC:  3    Str: 16    XL:     6   Next: 97%
Magic:  0/6        EV: 19    Int: 10    God:
Gold:   106        SH:  0    Dex: 20    Spells: 5/5 levels left

rFire    . . .     SeeInvis .   a - +0 hand axe
rCold    . . .     Gourm    .   (no shield)
rNeg     . . .     Faith    .   b - +0 robe
rPois    .         Spirit   +   o - +0 helmet
rElec    .         Reflect  .   j - scarf {Spirit}
rCorr    .         Harm     .   (no gloves)
MR       .....                  (no boots)
Stlth    +++.......             (no amulet)
Regen    0.2/turn               t - +2 ring of dexterity
MPRegen  0.1/turn               (no ring)

@: agile
A: no striking features
a: no special abilities


You were on level 4 of the Dungeon.
You were not hungry.

You visited 1 branch of the dungeon, and saw 4 of its levels.

You collected 106 gold pieces.

Inventory:

Hand Weapons
 a - a +0 hand axe (weapon)
Armour
 b - a +0 robe (worn)
 j - a scarf of spirit shield (worn)
 o - a +0 helmet (worn)
 p - a +1 leather armour of poison resistance
Jewellery
 t - a +2 ring of dexterity (left hand)
Scrolls
 d - 3 scrolls of identify
 g - 2 scrolls of teleportation {unknown}
 i - a scroll of remove curse
 n - a scroll of magic mapping
 r - a scroll of fog
Potions
 h - a potion of agility
 l - a potion of ambrosia
 m - 2 potions of curing
 q - a potion of flight
Comestibles
 c - 4 bread rations
 f - 4 royal jellies
 k - 4 chunks of flesh


   Skills:
 + Level 5.0 Fighting
 * Level 7.1 Axes
 + Level 2.7 Armour
 + Level 3.7 Dodging
 - Level 1.5 Stealth


You had 5 spell levels left.
You didn't know any spells.

Dungeon Overview and Level Annotations

Branches:
Dungeon (4/15)             Temple (0/1) D:4

Altars:
Ashenzari
Dithmenos
Fedhas
Qazlal
Trog

Shops:
D:4 [

Annotations:
D:4 Eustachio


Message History

Press: ? - help, Shift-Dir - straight line, f - river rat
Aim: a river rat (summoned)
You throw a tomahawk. The tomahawk hits the river rat.
The river rat is heavily wounded.
Throwing (i - inventory):
e - a tomahawk (quivered)
Press: ? - help, Shift-Dir - straight line, f/p - river rat
Aim: a river rat (heavily wounded, summoned)
You throw a tomahawk.
The tomahawk hits the river rat but does no damage.
The river rat is heavily wounded.
You closely miss the river rat.
The river rat is heavily wounded.
The river rat misses you.
You hit the river rat but do no damage.
The river rat is heavily wounded.
The river rat misses you.
You hit the river rat but do no damage.
The river rat is heavily wounded.
The river rat bites you!
You die...

....................#
...###..
....................#
_###...r
....................#
#+###
....................#
#.###
....................#
####.... .........)))#
#.....## ........))()#
#......# ...<.....))(#
#......#
........@...######......#
.......r....##........#.#
............(.........#.#
.....(......(#........#.#
....(.......(#........#<#
.............#........###
.............######......
......................###
............#######......


You could see a river rat.

Vanquished Creatures
  An ogre (D:4)
  3 orc wizards (D:4)
  An iguana (D:4)
  A worker ant (D:4)
  Robin (D:4)
  6 adders
  2 oozes
  An adder zombie (D:4)
  2 worms
  2 dart slugs
  3 leopard geckos
  14 orcs
  4 giant cockroaches
  18 goblins
  16 hobgoblins
  4 jackals (D:4)
  8 bats
  3 frilled lizards
  6 kobolds
  A leopard gecko skeleton (D:4)
  5 rats
102 creatures vanquished.

Notes
Turn   | Place    | Note
-------+----------+-------------------------------------------
     0 | D:1      | Lanoc the Hill Orc Monk began the quest for the Orb.
     0 | D:1      | Reached XP level 1. HP: 19/19 MP: 1/1
   336 | D:1      | Reached XP level 2. HP: 11/27 MP: 2/2
   731 | D:1      | Reached XP level 3. HP: 12/33 MP: 3/3
  1514 | D:2      | Reached skill level 5 in Axes
  1514 | D:2      | Reached skill level 1 in Armour
  1723 | D:2      | Reached XP level 4. HP: 35/40 MP: 4/4
  2929 | D:3      | Reached XP level 5. HP: 45/46 MP: 5/5
  3083 | D:3      | Found a stormy altar of Qazlal.
  3485 | D:4      | Reached skill level 6 in Axes
  3524 | D:4      | Reached XP level 6. HP: 8/53 MP: 0/6
  3807 | D:4      | Found a staircase to the Ecumenical Temple.
  3836 | D:4      | Found Weho's Antique Armour Emporium.
  4218 | D:4      | Noticed Eustachio
  4219 | D:4      | Found a blossoming altar of Fedhas.
  4219 | D:4      | Found a shadowy altar of Dithmenos.
  4219 | D:4      | Found a bloodstained altar of Trog.
  4219 | D:4      | Found a shattered altar of Ashenzari.
  4247 | D:4      | Noticed Robin
  4265 | D:4      | Reached skill level 7 in Axes
  4275 | D:4      | Killed Robin
  4278 | D:4      | HP: 1/55 [iguana (10)]
  4282 | D:4      | Reached skill level 5 in Fighting
  4292 | D:4      | Slain by a river rat

Skill      XL: |  1  2  3  4  5  6 |
---------------+-------------------+-----
Axes           | 5 6 7 |  7.1
Armour         | 1 2 |  2.7
Dodging        | 3 |  3.7
Fighting       | 4 5 |  5.0
Stealth        | |  1.5

Action                   |  1- 3 |  4- 6 || total
-------------------------+-------+-------++-------
Melee: Hand axe          |   141 |   254 ||   395
Throw: Tomahawk          |       |     5 ||     5
  Use: Potion            |     2 |     4 ||     6
       Scroll            |     1 |     7 ||     8
 Stab: Sleeping          |     3 |     4 ||     7
  Eat: Chunk             |     3 |     8 ||    11
Armor: Robe              |    21 |    44 ||    65
Dodge: Dodged            |    89 |   191 ||   280
